 Dungeon Crawl Stone Soup version 0.28-a0-1406-ga8dd43b1d0 (webtiles) character file.

Game seed: 16490555674331019280

1122 Grim the Basher (level 8, -10/42 (58) HPs)
             Began as a Formicid Fighter on Jan 6, 2022.
             Mangled by Edmund (14 damage)
             ... on level 6 of the Dungeon.
             The game lasted 00:08:24 (4775 turns).

Grim the Basher (Formicid Fighter)                  Turns: 4775, Time: 00:08:28

HP:   -10/42 (58)   AC:  8    Str: 22    XL:     8   Next: 61%
MP:   8/8           EV:  9    Int:  9    God:
Gold: 300           SH:  6    Dex: 13    Spells: 7/7 levels left

rFire   . . .      SeeInvis +   f - +0 mace (vorpal)
rCold   . . .      Faith    .   n - +1 buckler of Xuiplir {*Slow rElec Dex+3}
rNeg    . . .      Spirit   .   b - +0 scale mail
rPois   .          Reflect  .   (helmet unavailable)
rElec   +          Harm     .   e - scarf {+Inv}
rCorr   .          Rampage  .   (no gloves)
Will    .....                   l - +0 pair of boots
Stlth   ..........              j - amulet of regeneration
HPRegen 0.94/turn               (no ring)
MPRegen 0.11/turn               (no ring)

@: attractive, very heavily drained
A: permanent stasis, dig shafts and tunnels, antennae 3, four strong arms
a: Dig, Shaft Self, Evoke Invisibility


You were on level 6 of the Dungeon.
You visited 1 branch of the dungeon, and saw 6 of its levels.

You collected 300 gold pieces.

Inventory:

Hand Weapons
 a - a +0 flail
 f - a +0 vorpal mace (weapon)
Missiles
 c - 2 boomerangs
 k - 3 datura-tipped darts (quivered)
 s - 8 poisoned darts
Armour
 b - a +0 scale mail (worn)
 e - a scarf of invisibility (worn)
 l - a +0 pair of boots (worn)
 n - the +1 buckler of Xuiplir (worn) {*Slow rElec Dex+3}
   (You found it on level 2 of the Dungeon)

   Dex:       It affects your dexterity (+3).
   rElec:     It insulates you from electricity.
   *Slow:     It may slow you when you take damage.
Jewellery
 j - an amulet of regeneration (around neck)
Scrolls
 g - a scroll of noise {unknown}
 i - a scroll of enchant weapon {unknown}
 o - 4 scrolls of teleportation {unknown}
 q - 2 scrolls of identify {unknown}
 r - 2 scrolls of silence {unknown}
 t - a scroll of magic mapping {unknown}
 u - a scroll of immolation {unknown}
Potions
 h - a potion of magic
 m - 2 potions of curing
 p - 3 potions of attraction


   Skills:
 - Level 3.2 Fighting
 * Level 9.5 Maces & Flails
 - Level 3.2 Armour
 - Level 3.6 Shields
 - Level 2.3 Evocations


You had 7 spell levels left.
You didn't know any spells.
Your spell library was empty.

Dungeon Overview and Level Annotations

Branches:
Dungeon (6/15)
 Temple: D:4-7

Altars:
Qazlal
Uskayaw

Shops:
D:3 !   D:4 ?[

Annotations:
D:6 Edmund


Innate Abilities, Weirdness & Mutations

You cannot be hasted, slowed, berserked, paralysed or teleported.
You can dig through walls and to a lower floor.
You have a pair of large antennae on your head. (SInv)
Your four strong arms can wield two-handed weapons with a shield.


Message History

You feel drained.
* * * LOW HITPOINT WARNING * * *
Edmund hits you with a +2 flail of draining!
* * * LOW HITPOINT WARNING * * *
You feel drained.
* * * LOW HITPOINT WARNING * * *
Edmund shouts!
Edmund closely misses you. Edmund misses you.
Throw: 5 darts (datura)
Press: ? - help, Q - select action, (/) - cycle Shift-Dir - straight line, f/p - Edmund
Aim: Edmund, wielding a +2 flail of draining and wearing a +0 ring mail (lightly wounded, fast, strong, frenzied and insane, 61% to hit, immune)
You throw a datura-tipped dart.
The datura-tipped dart barely misses Edmund.
You block Edmund's attack. x2
Throw: 4 darts (datura)
Press: ? - help, Q - select action, (/) - cycle Shift-Dir - straight line, f/p - Edmund
Aim: Edmund, wielding a +2 flail of draining and wearing a +0 ring mail (lightly wounded, fast, strong, frenzied and insane, 61% to hit, immune)
You throw a datura-tipped dart. The datura-tipped dart hits Edmund.
Edmund resists.
Edmund is lightly wounded.
Edmund hits you with a +2 flail of draining!
* * * LOW HITPOINT WARNING * * *
You feel drained.
* * * LOW HITPOINT WARNING * * *
It was a potion of attraction.
You feel attractive to monsters. You block Edmund's attack.
Edmund closely misses you.
It was a potion of curing.
You feel better.
Edmund hits you with a +2 flail of draining!
* * * LOW HITPOINT WARNING * * *
You feel drained.
* * * LOW HITPOINT WARNING * * *
It was a potion of magic.
Magic courses through your body.
Edmund hits you with a +2 flail of draining.
* * * LOW HITPOINT WARNING * * *
You feel drained.
* * * LOW HITPOINT WARNING * * *
Edmund hits you with a +2 flail of draining!
You die...

##.##.# ##'## #.# #. .#.#.##
#.# #.# #. #...#### #.# #.#
#. .......#######.## #####
#.# #.
##.###.##.......###?..####.#
#. ##.#
#.##.##.....##...(....# #.
##.###.##.###...###...# #(
##..........#..#####.## #<
######.##.#.....@@..(# #. #
#.##.###..####### #.
######.##.###..# #.
.......##......# #.
##############.# ## #.# #.#
#.# .#


You could see the neutral Edmund (fast, strong, insane).

Vanquished Creatures
  Maggie (D:6)
  Grinder (D:6)
  A phantom (D:5)
  A bullfrog (D:6)
  A water moccasin zombie (D:5)
  A bullfrog zombie (D:5)
  A jelly (D:6)
  Crazy Yiuf (D:3)
  2 orc priests (D:5)
  A bullfrog skeleton (D:5)
  3 iguanas
  A hound zombie (D:5)
  2 hound skeletons
  A howler monkey zombie (D:5)
  6 adders
  A shadow imp (D:4)
  A white imp (D:5)
  An ufetubus (D:5)
  4 worms
  A dart slug (D:1)
  4 orcs
  5 endoplasms
  7 giant cockroaches
  3 hobgoblins
  4 quokkas
  8 ball pythons
  6 bats
  6 frilled lizards
  5 goblins
  4 kobolds
  6 rats
90 creatures vanquished.

Notes
Turn   | Place    | Note
-------+----------+-------------------------------------------
     0 | D:1      | Grim the Formicid Fighter began the quest for the Orb.
     0 | D:1      | Reached XP level 1. HP: 18/18 MP: 1/1
   244 | D:1      | Reached XP level 2. HP: 23/24 MP: 2/2
   325 | D:1      | Reached skill level 3 in Maces & Flails
   439 | D:1      | Found a faded altar of an unknown god.
   541 | D:1      | Reached XP level 3. HP: 29/29 MP: 3/3
   934 | D:2      | Reached XP level 4. HP: 27/35 MP: 4/4
  1167 | D:2      | Reached skill level 1 in Evocations
  1275 | D:2      | Reached skill level 4 in Maces & Flails
  1420 | D:2      | Found a hide-covered altar of Uskayaw.
  1840 | D:2      | Identified the +1 buckler of Xuiplir {*Slow rElec Dex+3}
  2176 | D:3      | Found Rix Nah's Distillery.
  2488 | D:3      | Found a runed translucent door.
  2489 | D:3      | Noticed Crazy Yiuf
  2496 | D:3      | Killed Crazy Yiuf
  2497 | D:3      | Reached XP level 5. HP: 29/41 MP: 5/5
  2724 | D:4      | Found Caifiuwu's Magic Scroll Emporium.
  2935 | D:4      | Found Jelaluy's Antique Armour Shop.
  3074 | D:4      | Reached skill level 5 in Maces & Flails
  3396 | D:5      | Entered Level 5 of the Dungeon
  3400 | D:5      | Noticed a phantom
  3423 | D:5      | Killed a phantom
  3424 | D:5      | Reached XP level 6. HP: 30/47 MP: 6/6
  3491 | D:5      | Reached skill level 6 in Maces & Flails
  3559 | D:5      | Reached XP level 7. HP: 52/52 MP: 7/7
  3751 | D:5      | Reached skill level 7 in Maces & Flails
  4121 | D:6      | Found a stormy altar of Qazlal.
  4411 | D:6      | Noticed Grinder
  4434 | D:6      | Killed Grinder
  4435 | D:6      | Reached skill level 8 in Maces & Flails
  4435 | D:6      | Reached XP level 8. HP: 54/58 MP: 8/8
  4666 | D:6      | Noticed Maggie
  4689 | D:6      | Killed Maggie
  4690 | D:6      | Reached skill level 9 in Maces & Flails
  4753 | D:6      | Noticed Edmund
  4775 | D:6      | Mangled by Edmund

Illustrated notes

Levels and vault maps discovered:
D:1:      eino_arrival_tree_alley, layout_loops_ring,
          shapermc_ecumenical_altar_pompeii, minmay_hedge_maze,
          minmay_worlds_worst_comb
D:2:      layout_basic, basic_altar, st_stairs_5, amcnicky_mini_pool_small,
          nicolae_wormholes
D:3:      layout_loops_cross, serial_shops, nicolae_shop_hallway_stairs,
          kennysheep_cluttered_room, uniq_crazy_yiuf_cottage
D:4:      layout_loops_ring, serial_shops, nicolae_shop_hallway_plus,
          nicolae_shop_stone, minmay_misc_feat_room, minmay_tree_intersection
D:5:      layout_loops_ring
D:6:      layout_loops_corners, overflow_temple_1_default,
          minmay_misc_feat_pillars, minmay_door_square, uniq_maggie,
          uniq_grinder, uniq_edmund

Skill      XL: |  1  2  3  4  5  6  7  8 |
---------------+-------------------------+-----
Maces & Flails | 3 4 5 6 8 9 |  9.5
Evocations     | 1 2 |  2.3
Fighting       | |  3.2
Armour         | |  3.2
Shields        | |  3.6

Action                   |  1- 3 |  4- 6 |  7- 9 || total
-------------------------+-------+-------+-------++-------
Melee: Mace              |    86 |   202 |   133 ||   421
       Flail             |     2 |       |       ||     2
Throw: Dart              |       |       |     3 ||     3
 Abil: Evoke Invisibilit |       |     1 |     1 ||     2
  Use: Potion            |       |       |     4 ||     4
 Stab: Invisible         |       |       |     2 ||     2
Armor: Scale mail        |    49 |    74 |    34 ||   157
Dodge: Dodged            |    53 |    95 |    43 ||   191
Block: Buckler           |    18 |    32 |    38 ||    88

Table legend: (Time is in decaauts)
 A = Elapsed time spent in this place.
 B = Non-inter-level travel time spent in this place.
 C = Inter-level travel time spent in this place.
 D = Time resting spent in this place.
 E = Time spent auto-exploring this place.
 F = Levels seen in this place.
 G = Mean time per level.
                   A        B        C        D        E       F      G
               +--------+--------+--------+--------+--------+-----+--------+
         Total |   4845 |   4674 |    171 |    355 |   3409 |   6 |  807.5 |
       Dungeon |   4845 |   4674 |    171 |    355 |   3409 |   6 |  807.5 |
               +--------+--------+--------+--------+--------+-----+--------+

Top non-repeatable levels by time:
     D:2: 1155 daAuts
     D:1: 838 daAuts
     D:6: 750 daAuts
     D:4: 734 daAuts
     D:3: 722 daAuts
     D:5: 644 daAuts
